 Dungeon Crawl Stone Soup version 0.28.0 (webtiles) character file.

Game seed: 2318383712141697725

304 unlimited1921 the Magician (level 6, -2/43 HPs)
             Began as a Djinni Fire Elementalist on Feb 13, 2022.
             Was an Initiate of Yredelemnul.
             Killed by nerve-wracking pain
             ... invoked by an orc priest
              (12 damage)
             ... on level 4 of the Dungeon.
             The game lasted 00:19:25 (5700 turns).

unlimited1921 the Magician (DjFE)                   Turns: 5700, Time: 00:19:27

Health: -2/43      AC:  4    Str:  7    XL:     6   Next: 66%
Gold:   120        EV: 12    Int: 19    God:    Yredelemnul [......] SH:  0 Dex: 13

rFire   + + .      SeeInvis .   j - +0 short sword
rCold   x . .      Faith    .   (no shield)
rNeg    . . .      Spirit   .   s - +0 leather armour
rPois   ∞          Reflect  .   (no helmet)
rElec   .          Harm     .   i - scarf {repulsion}
rCorr   .          Rampage  .   b - +0 pair of gloves
Will    .....                   (boots unavailable)
Stlth   ++........              (no amulet)
HPRegen 0.14/turn               t - +4 ring of slaying
MPRegen 0.00/turn               (no ring)

@: flying, repel missiles
A: sickness immunity, fire resistance 2, cold vulnerability 1, float, innate
caster, HP casting, extra vitality 1
a: Renounce Religion, Recall Undead Harvest


You were on level 4 of the Dungeon.
You worshipped Yredelemnul.
Yredelemnul was noncommittal.
You visited 1 branch of the dungeon, and saw 4 of its levels.

You collected 120 gold pieces.

Inventory:

Hand Weapons
 f - a +0 dagger
 j - a +0 short sword (weapon)
 w - a +0 hand axe
 y - a +0 hunting sling
Missiles
 g - 82 stones
 l - 43 sling bullets
 o - 72 bolts
 x - 10 poisoned darts
 z - 2 boomerangs
Armour
 a - a +0 robe
 b - a +0 pair of gloves (worn)
 i - a scarf of repulsion (worn)
 s - a +0 leather armour (worn)
Jewellery
 t - a +4 ring of slaying (left hand)
Wands
 v - a wand of paralysis (11)
Scrolls
 d - a scroll of fear {unknown}
 e - 3 scrolls of identify {unknown}
 h - 4 scrolls of teleportation {unknown}
 k - a scroll of magic mapping {unknown}
 m - a scroll of blinking {unknown}
 p - a scroll of torment {unknown}
 q - a scroll of enchant weapon {unknown}
 u - 2 scrolls of vulnerability {unknown}
Potions
 c - a potion of heal wounds {unknown}
 n - a potion of brilliance {unknown}
 r - a potion of flight {unknown}


   Skills:
 * Level 2.0 Fighting
 - Level 0.3 Armour
 * Level 2.7 Dodging
 + Level 2.4 Stealth
 + Level 4.5 Spellcasting
 + Level 0.1 Invocations


You couldn't memorise any spells.
You knew the following spells:

 Your Spells              Type           Power      Damage    Failure   Level
a - Foxfire               Conj/Fire      84%        2x1d8     3%          1
b - Scorch                Fire           42%        2d7       4%          2
c - Conjure Flame         Conj/Fire      21%        6-21      9%          3
d - Inner Flame           Hex/Fire       21%        N/A       9%          3
e - Flame Wave            Conj/Fire      21%        2d7       28%         4
f - Summon Small Mammal   Summ           84%        N/A       3%          1
g - Blink                 Tloc           42%        N/A       4%          2
Your spell library was empty.

Dungeon Overview and Level Annotations

Branches:
Dungeon (4/15)
 Temple: D:4-7

Altars:
Elyvilon
Kikubaaqudgha
Yredelemnul


Innate Abilities, Weirdness & Mutations

You are immune to sickness and miasma.
You are immune to poison.
Your flesh is very heat resistant. (rF++)
You are vulnerable to cold. (rC-)
You float through the air rather than walking.
You learn spells naturally, not from books.
Your magical power is your life essence.
You have superior vitality. (+4 MHP)


Message History

Your dart slug zombie is destroyed!
Casting: Foxfire (safe; 3% risk of failure)
Confirm with . or Enter, or press ? or * to list all spells.
You conjure some foxfire!
* * * LOW HITPOINT WARNING * * *
Casting: Foxfire (safe; 3% risk of failure)
Confirm with . or Enter, or press ? or * to list all spells.
You conjure some foxfire!
* * * LOW HITPOINT WARNING * * *
Casting: Foxfire (safe; 3% risk of failure)
Confirm with . or Enter, or press ? or * to list all spells.
You conjure some foxfire!
* * * LOW HITPOINT WARNING * * *
The foxfire hits the orc but does no damage.
The orc is almost dead.
The foxfire hits the orc but does no damage.
The orc is almost dead.
Your foxfire dissipates!
The foxfire hits the orc.
You kill the orc!
The foxfire hits the orc!
You kill the orc!
A black mist starts to gather...
The orc priest hits your orc zombie with a +0 mace!
Casting: Foxfire (safe; 3% risk of failure)
Confirm with . or Enter, or press ? or * to list all spells.
You conjure some foxfire!
* * * LOW HITPOINT WARNING * * *
The orc priest hits your orc zombie with a +0 mace.
Your orc zombie is destroyed!
The foxfire hits the orc priest.
The orc priest is lightly wounded.
The foxfire hits the orc priest but does no damage.
The orc priest is lightly wounded.
The foxfire hits the orc priest but does no damage.
The orc priest is lightly wounded.
The orc priest mumbles some strange prayers to Beogh against you.
Pain shoots through your body!
You die...
Your body rises from the dead as a mindless zombie.

##.#...#.#####..########
#.........# #..#
#....ZZ...# #..####
#....#.##.# #.....#
####.#.##.# ##.##.#
#.#.#..# #.##.#
#.#.#.######.##.#
#.#..§§§.....##.#
#>..§@§§.....##.#
#####§#<.....##.#
#§#.........#
#§#......#### #o#......#
#.#.##.### #K#.##.#
#.#.##.# #.#.##.#


You could see an orc priest and a kobold.

Vanquished Creatures
  A jelly (D:4)
  An orc priest (D:3)
  3 orc wizards
  9 adders
  2 dart slugs
  A worm (D:3)
  11 orcs
  6 ball pythons
  4 endoplasms
  2 giant cockroaches (D:1)
  2 goblins
  6 hobgoblins
  2 jackals (D:1)
  4 kobolds
  2 quokkas
  9 bats
  10 frilled lizards
  5 rats
80 creatures vanquished.

Vanquished Creatures (collateral kills)
  5 foxfires (D:1)
5 creatures vanquished.

Vanquished Creatures (others)
  5 orc zombies (D:4)
  A dart slug zombie (D:4)
  A goblin zombie (D:4)
  A kobold zombie (D:4)
  310 foxfires
318 creatures vanquished.

Grand Total: 403 creatures vanquished

Notes
Turn   | Place    | Note
-------+----------+-------------------------------------------
     0 | D:1      | unlimited1921 the Djinni Fire Elementalist began the quest
                  | for the Orb.
     0 | D:1      | Reached XP level 1. HP: 15/15 MP: 0/0
   544 | D:1      | Reached XP level 2. HP: 18/21 MP: 0/0
  1170 | D:1      | Reached skill level 3 in Spellcasting
  1357 | D:1      | Reached XP level 3. HP: 23/25 MP: 0/0
  1357 | D:1      | Learned a level 1 spell: Summon Small Mammal
  2349 | D:2      | Reached XP level 4. HP: 27/31 MP: 0/0
  3252 | D:2      | Found a faded altar of an unknown god.
  3658 | D:3      | Reached skill level 1 in Fighting
  3950 | D:3      | Reached XP level 5. HP: 35/37 MP: 0/0
  3950 | D:3      | Learned a level 2 spell: Blink
  4071 | D:3      | Found a white marble altar of Elyvilon.
  4269 | D:3      | Reached skill level 4 in Spellcasting
  4999 | D:3      | Found a basalt altar of Yredelemnul.
  5009 | D:3      | Became a worshipper of Yredelemnul the Dark
  5317 | D:4      | Reached * piety under Yredelemnul
  5317 | D:4      | Reached XP level 6. HP: 35/43 MP: 0/0
  5700 | D:4      | Killed from afar by an orc priest

Illustrated notes

Levels and vault maps discovered:
D:1:      dpeg_arrival_lava_altar, layout_basic, minmay_lizard_king
D:2:      layout_basic, chequers_ecumenical_altar_simple, kennysheep_minor_cross
D:3:      layout_basic, kennysheep_ying_yang
D:4:      layout_loops_ring

Skill      XL: |  1  2  3  4  5  6 |
---------------+-------------------+-----
Spellcasting   | 3 4 |  4.5
Stealth        | 2 |  2.4
Fighting       | 1 2 |  2.0
Armour         | |  0.3
Dodging        | |  2.7
Invocations    | |  0.1

Action                   |  1- 3 |  4- 6 || total
-------------------------+-------+-------++-------
Melee: Short sword       |       |    11 ||    11
 Cast: Foxfire           |    89 |   102 ||   191
Invok: Recall Undead Har |       |     3 ||     3
Armor: Robe              |       |     3 ||     3
       Leather armour    |       |     4 ||     4
Dodge: Dodged            |       |    22 ||    22
